 Dungeon Crawl Stone Soup version 0.22.1-1-ga44c0e5 (webtiles) character file.

198 Mesmaeker13 the Chiller (level 5, -3/31 HPs)
             Began as an Octopode Ice Elementalist on Oct 7, 2018.
             Slain by a small abomination (5 damage)
             ... summoned by miscasting Summon Ice Beast
             ... on level 4 of the Dungeon.
             The game lasted 00:06:19 (3719 turns).

Mesmaeker13 the Chiller (Octopode Ice Elementalist) Turns: 3719, Time: 00:06:20

Health: -3/31      AC:  1    Str:  8    XL:     5   Next: 77%
Magic:  6/9        EV: 14    Int: 18    God:
Gold:   151        SH:  0    Dex: 12    Spells: 2/9 levels left

rFire    + . .     SeeInvis .   c - +0 quarterstaff
rCold    x . .     Gourm    .   (shield currently unavailable)
rNeg     . . .     Faith    .   (helmet restricted)
rPois    .         Spirit   .   (no amulet)
rElec    .         Reflect  .   o - ring of fire
rCorr    .         Harm     .   (no ring)
MR       .....                  (no ring)
Stlth    +++.......             (no ring)
HPRegen  0.10/turn              (no ring)
MPRegen  0.11/turn              (no ring)
                                (no ring)
                                (no ring)

@: very slightly contaminated
A: almost no armour, stealthy swim, amphibious, 8 rings, constrict 8, camouflage
1, gelatinous body 1
a: no special abilities


You were on level 4 of the Dungeon.
You were not hungry.

You visited 1 branch of the dungeon, and saw 4 of its levels.

You collected 151 gold pieces.

Inventory:

Hand Weapons
 c - a +0 quarterstaff (weapon)
 q - a +0 blowgun
Missiles
 n - 2 tomahawks (quivered)
 r - 21 poisoned needles
Armour
 t - a +0 buckler
Jewellery
 o - a ring of fire (left tentacle)
 v - a +4 ring of dexterity {unknown}
Scrolls
 a - a scroll of fear {unknown}
 d - a scroll of remove curse {unknown}
 i - a scroll of fog
 s - a scroll of teleportation {unknown}
Potions
 e - a potion of agility
 f - a potion of brilliance {unknown}
 g - a potion of invisibility {unknown}
 h - a potion of resistance
 j - a potion of lignification {unknown}
 k - 4 potions of curing {unknown}
 l - 3 potions of heal wounds {unknown}
 m - a potion of flight {unknown}
 u - a potion of degeneration {unknown}
Comestibles
 b - 8 rations
 p - 2 chunks of flesh


   Skills:
 + Level 4.0 Dodging
 - Level 2.6 Stealth
 + Level 2.7 Spellcasting
 - Level 1.0 Conjurations
 + Level 0.0 Summonings
 + Level 4.6 Ice Magic


You had 2 spell levels left.
You knew the following spells:

 Your Spells              Type           Power        Failure   Level  Hunger
a - Freeze                Ice            ###.         2%          1    None
b - Throw Frost           Conj/Ice       ##....       8%          2    ##.....
c - Summon Ice Beast      Ice/Summ       ##......     54%         4    ####...

Your spell library contained the following spells:

 Spells                   Type           Power        Failure   Level  Hunger
 Ozocubu's Armour         Chrm/Ice       ##......     19%         3    ###....
 Throw Icicle             Conj/Ice       ##......     45%         4    ####...


Dungeon Overview and Level Annotations

Branches:
Dungeon (4/15)
 Temple: D:4-7

Altars:
Dithmenos

Annotations:
D:2 1 runed door


Innate Abilities, Weirdness & Mutations

You cannot wear most types of armour.
You are very stealthy in the water. (Stealth+)
You are amphibious.
You can wear up to eight rings at the same time.
You can use your tentacles to constrict eight enemies at once.
Your skin changes colour to match your surroundings (Stealth+).
Your rubbery body absorbs attacks. (AC +1, EV +1)


Message History

Casting: Freeze (safe; 2% risk of failure)
Confirm with . or Enter, or press ? or * to list all spells.
Okay, then.
Casting: Freeze (safe; 2% risk of failure)
Confirm with . or Enter, or press ? or * to list all spells.
The spell is very dangerous to cast (54% risk of failure)!
Continue anyway?
You miscast Summon Ice Beast.
You are very lightly contaminated with residual magic.
A chorus of moans calls out to you!
The adder hisses angrily.
The small abomination hits you! The small abomination misses you.
The small abomination closely misses you.
The ogre misses you. The small abomination hits you!
Ouch! That really hurt!
* * * LOW HITPOINT WARNING * * *
The small abomination misses you.
There is a stone staircase leading down here.
The small abomination hits you.
You die...

###########
####.........########
..<.................
.............#......
####.........#.....
.................#
########.........#
#.###.#.x@#
#...#.Ox###
###..ZS...# ##.######
...####.#######
.......Z.......
####.##.##.###. #.
#.# # .. ...


You could see an ogre, 2 small abominations, an adder and a bullfrog skeleton.

Vanquished Creatures
  An orc priest (D:3)
  A hound (D:3)
  An orc wizard (D:3)
  3 adders
  2 worms
  3 dart slugs
  3 leopard geckos
  8 orcs
  2 ball pythons
  A giant cockroach (D:1)
  4 goblins
  5 hobgoblins
  6 jackals
  2 quokkas (D:2)
  5 bats
  5 frilled lizards
  5 kobolds
  6 rats
63 creatures vanquished.

Notes
Turn   | Place    | Note
-------+----------+-------------------------------------------
     0 | D:1      | Mesmaeker13 the Octopode Ice Elementalist began the quest
                  | for the Orb.
     0 | D:1      | Reached XP level 1. HP: 11/11 MP: 3/3
   298 | D:1      | Reached XP level 2. HP: 16/17 MP: 0/5
   762 | D:1      | Reached XP level 3. HP: 14/21 MP: 1/6
  1251 | D:2      | Learned a level 2 spell: Throw Frost
  1483 | D:2      | Reached XP level 4. HP: 27/27 MP: 3/7
  1555 | D:2      | Found a shadowy altar of Dithmenos.
  2045 | D:2      | Found a runed door.
  2584 | D:3      | Reached XP level 5. HP: 21/31 MP: 1/8
  3446 | D:3      | Noticed a phantom
  3671 | D:4      | Noticed an ogre
  3679 | D:4      | Learned a level 4 spell: Summon Ice Beast
  3711 | D:4      | Noticed a small abomination
  3715 | D:4      | HP: 1/31 [small abomination[miscasting Summon Ice Beast]
                  | (16)]
  3719 | D:4      | Slain by a small abomination

Skill      XL: |  1  2  3  4  5 |
---------------+----------------+-----
Dodging        | 3 4 |  4.0
Ice Magic      | 4 |  4.6
Stealth        | |  2.6
Spellcasting   | |  2.7
Conjurations   | |  1.0

Action                   |  1- 3 |  4- 6 || total
-------------------------+-------+-------++-------
Melee: Unarmed           |     8 |       ||     8
       Constrict         |     7 |    11 ||    18
       Dagger            |    22 |       ||    22
       Tentacles         |     3 |     4 ||     7
       Long sword        |     3 |     9 ||    12
       Quarterstaff      |       |    11 ||    11
Throw: Throwing net      |       |     2 ||     2
 Cast: Freeze            |    40 |    47 ||    87
  Use: Scroll            |     4 |       ||     4
 Stab: Sleeping          |     3 |     1 ||     4
  Eat: Chunk             |     2 |     8 ||    10
Armor: Skin              |     5 |     5 ||    10
Dodge: Dodged            |    50 |    43 ||    93
       Rpst.: Long sword |     1 |     5 ||     6
